| TOP OF THE 1ST |
|
Peoria Chiefs batting - Pitching for Wisconsin Timber Rattlers : RHP Josh Brakefield
|
|
Pitching: RHP Josh Brakefield
|
|
|
Batting: LHB Ignacio Ocampo
|
0-0: Foul Ball, location: 2F 0-1: Foul Ball, location: 2F 0-2: Ball 1-2: Foul Ball, location: 2F 1-2: Ball 2-2: Strikes out looking
|
|
Batting: RHB Juan Carrillo
|
0-0: Ball 1-0: Ball 2-0: Swinging Strike 2-1: Ball 3-1: Swinging Strike 3-2: Base on Balls
|
|
Batting: LHB Ken Morehead
|
0-0: Ball Juan Carrillo steals 2nd base 1-0: Foul Ball, location: 2F 1-1: Called Strike 1-2: Strikes out looking
|
|
Batting: RHB Workneh Lagat
|
0-0: Ball 1-0: Ball 2-0: Ball 3-0: Called Strike 3-1: Foul Ball, location: 2F 3-2: Strikes out swinging
|
| Top of the 1st over - 0 runs, 0 hits, 0 errors, 1 left on base; Peoria 0 - Wisconsin 0 |
| BOTTOM OF THE 1ST |
|
Wisconsin Timber Rattlers batting - Pitching for Peoria Chiefs : RHP Tony Casey
|
|
Pitching: RHP Tony Casey
|
|
|
Batting: RHB Jose Cerritos
|
0-0: Ball 1-0: Ground out 4-3 (Groundball, 4, EV 91.2 MPH)
|
|
Batting: RHB Xiao-shuang Au
|
0-0: Ball 1-0: Foul Ball, location: 2F 1-1: Ball 2-1: Swinging Strike 2-2: DOUBLE (Flyball, 89XD, EV 110.6 MPH)
|
|
Batting: LHB Karel Hort
|
0-0: Called Strike 0-1: Ball 1-1: Called Strike 1-2: Ball 2-2: Ball 3-2: Base on Balls
|
|
Batting: LHB Fumito Sakurai
|
0-0: Ball Wild Pitch! Xiao-shuang Au to third Karel Hort to second 1-0: Called Strike 1-1: Ball 2-1: Foul Ball, location: 2F 2-2: Ball 3-2: Base on Balls
|
|
Batting: RHB Ryan Miller
|
0-0: Swinging Strike 0-1: Ball 1-1: Foul Ball, location: 2F 1-2: Strikes out swinging
|
|
Batting: RHB Curtis Montgomery
|
0-0: Ball 1-0: Called Strike 1-1: Ground out U3 (Groundball, 34, EV 83.1 MPH)
|
| Bottom of the 1st over - 0 runs, 1 hit, 0 errors, 3 left on base; Peoria 0 - Wisconsin 0 |
| TOP OF THE 2ND |
|
Peoria Chiefs batting - Pitching for Wisconsin Timber Rattlers : RHP Josh Brakefield
|
|
Batting: RHB Tim Jobe
|
0-0: Ball 1-0: Called Strike 1-1: Called Strike 1-2: Ball 2-2: Strikes out swinging
|
|
Batting: RHB Nelson Salamanca
|
0-0: Ball 1-0: Ball 2-0: Ground out 6-3 (Groundball, 6, EV 76.2 MPH)
|
|
Batting: SHB Steve Langlois
|
0-0: Foul Ball, location: 2F 0-1: Called Strike 0-2: Ground out 3-1 (Groundball, 34, EV 85.0 MPH)
|
| Top of the 2nd over - 0 runs, 0 hits, 0 errors, 0 left on base; Peoria 0 - Wisconsin 0 |
| BOTTOM OF THE 2ND |
|
Wisconsin Timber Rattlers batting - Pitching for Peoria Chiefs : RHP Tony Casey
|
|
Batting: LHB John Fortin
|
0-0: Ball 1-0: Ball 2-0: Foul Ball, location: 2F 2-1: Ball 3-1: Base on Balls
|
|
Batting: RHB Tony Beaumond
|
0-0: Ball 1-0: Ball 2-0: Grounds into double play, 5-4-3 (Groundball, 56S, EV 79.4 MPH)
|
|
Batting: RHB Dan Allred
|
0-0: Foul Ball, location: 2F 0-1: Ball 1-1: Called Strike 1-2: Ball 2-2: Strikes out swinging
|
| Bottom of the 2nd over - 0 runs, 0 hits, 0 errors, 0 left on base; Peoria 0 - Wisconsin 0 |
| TOP OF THE 3RD |
|
Peoria Chiefs batting - Pitching for Wisconsin Timber Rattlers : RHP Josh Brakefield
|
|
Batting: RHB Kyle Burns
|
0-0: Ball 1-0: Fly out, F9 (Flyball, 9, EV 78.1 MPH)
|
|
Batting: RHB Ben Politi
|
0-0: Swinging Strike 0-1: Ball 1-1: Ball 2-1: Ground out 4-3 (Groundball, 4M, EV 88.8 MPH)
|
|
Batting: LHB Ignacio Ocampo
|
0-0: Called Strike 0-1: Swinging Strike 0-2: Ball 1-2: Strikes out swinging
|
| Top of the 3rd over - 0 runs, 0 hits, 0 errors, 0 left on base; Peoria 0 - Wisconsin 0 |
| BOTTOM OF THE 3RD |
|
Wisconsin Timber Rattlers batting - Pitching for Peoria Chiefs : RHP Tony Casey
|
|
Batting: RHB Jose Cerritos
|
0-0: Ball 1-0: Called Strike 1-1: Foul Ball, location: 2F 1-2: Ball 2-2: Ground out U3 (Groundball, 3, EV 78.1 MPH)
|
|
Batting: RHB Xiao-shuang Au
|
0-0: Ball 1-0: Ball 2-0: Called Strike 2-1: Called Strike 2-2: Foul Ball, location: 2F 2-2: Ground out 6-3 (Groundball, 4M, EV 102.5 MPH)
|
|
Batting: LHB Karel Hort
|
0-0: Swinging Strike 0-1: SINGLE (Line Drive, 89M, EV 84.4 MPH)
|
|
Batting: LHB Fumito Sakurai
|
0-0: Called Strike 0-1: Foul Ball, location: 2F 0-2: Ball 1-2: Foul Ball, location: 2F 1-2: Foul Ball, location: 2F 1-2: Ball 2-2: Foul Ball, location: 2F 2-2: Strikes out swinging
|
| Bottom of the 3rd over - 0 runs, 1 hit, 0 errors, 1 left on base; Peoria 0 - Wisconsin 0 |
| TOP OF THE 4TH |
|
Peoria Chiefs batting - Pitching for Wisconsin Timber Rattlers : RHP Josh Brakefield
|
|
Batting: RHB Juan Carrillo
|
0-0: Foul Ball, location: 2F 0-1: Foul Ball, location: 2F 0-2: Ball 1-2: Fly out, F9 (Flyball, 9LM, EV 91.2 MPH)
|
|
Batting: LHB Ken Morehead
|
0-0: Ball 1-0: Foul Ball, location: 2F 1-1: Ground out 1-3 (Groundball, 15S, EV 61.2 MPH)
|
|
Batting: RHB Workneh Lagat
|
0-0: Ball 1-0: Called Strike 1-1: Called Strike 1-2: Foul Ball, location: 2F 1-2: DOUBLE (Line Drive, 89D, EV 108.8 MPH)
|
|
Batting: RHB Tim Jobe
|
0-0: Ball 1-0: Ground out 1-3 (Groundball, 13, EV 73.8 MPH)
|
| Top of the 4th over - 0 runs, 1 hit, 0 errors, 1 left on base; Peoria 0 - Wisconsin 0 |
| BOTTOM OF THE 4TH |
|
Wisconsin Timber Rattlers batting - Pitching for Peoria Chiefs : RHP Tony Casey
|
|
Batting: RHB Ryan Miller
|
0-0: Foul Ball, location: 2F 0-1: Ball 1-1: Foul Ball, location: 2F 1-2: Ball 2-2: Foul Ball, location: 2F 2-2: SINGLE (Groundball, 6D, EV 96.9 MPH)
|
|
Batting: RHB Curtis Montgomery
|
0-0: Foul Ball, location: 2F 0-1: Ball 1-1: Ball 2-1: SINGLE (Groundball, 34, EV 101.9 MPH) (infield hit) Ryan Miller to second
|
|
Batting: LHB John Fortin
|
0-0: Called Strike 0-1: Ball 1-1: Ball 2-1: Called Strike 2-2: Foul Ball, location: 2F 2-2: SINGLE (Groundball, 6MD, EV 105.0 MPH) Ryan Miller to third Curtis Montgomery to second
|
|
Batting: RHB Tony Beaumond
|
0-0: Called Strike 0-1: Foul Ball, location: 2F 0-2: Foul Ball, location: 2F 0-2: Ball 1-2: Ball 2-2: Strikes out looking
|
|
Batting: RHB Dan Allred
|
0-0: Called Strike 0-1: Ball 1-1: Ball 2-1: Ball 3-1: Grounds into double play, U5-3 (Groundball, 5L, EV 91.9 MPH)
|
| Bottom of the 4th over - 0 runs, 3 hits, 0 errors, 2 left on base; Peoria 0 - Wisconsin 0 |
| TOP OF THE 5TH |
|
Peoria Chiefs batting - Pitching for Wisconsin Timber Rattlers : RHP Josh Brakefield
|
|
Batting: RHB Nelson Salamanca
|
0-0: Foul Ball, location: 2F 0-1: Ball 1-1: Called Strike 1-2: Foul Ball, location: 2F 1-2: Reached on error, E5 (Groundball, 56S, EV 86.9 MPH)
|
|
Batting: SHB Steve Langlois
|
0-0: SINGLE (Groundball, 34D, EV 101.2 MPH) Nelson Salamanca to second Runner from 2nd tries for 3rd, SAFE, throw by RF made to third
|
|
Batting: RHB Kyle Burns
|
0-0: Ball Steve Langlois steals 2nd base 1-0: Foul Ball, location: 2F 1-1: Reached on error, E5 (Groundball, 56S, EV 85.6 MPH) Nelson Salamanca scores Steve Langlois to third
|
|
Batting: RHB Ben Politi
|
0-0: Ball 1-0: Ball 2-0: Swinging Strike 2-1: Ball 3-1: Foul Ball, location: 2F 3-2: Grounds into double play, 4-6-3 (Groundball, 4, EV 86.9 MPH) Steve Langlois scores
|
|
Batting: LHB Ignacio Ocampo
|
0-0: Ground out 6-3 (Groundball, 6, EV 86.9 MPH)
|
| Top of the 5th over - 2 runs, 1 hit, 2 errors, 0 left on base; Peoria 2 - Wisconsin 0 |
| BOTTOM OF THE 5TH |
|
Wisconsin Timber Rattlers batting - Pitching for Peoria Chiefs : RHP Tony Casey
|
|
Batting: RHB Jose Cerritos
|
0-0: Ball 1-0: Ball 2-0: Foul Ball, location: 2F 2-1: Ball 3-1: Foul Ball, location: 2F 3-2: Ground out 5-3 (Groundball, 56, EV 91.2 MPH)
|
|
Batting: RHB Xiao-shuang Au
|
0-0: Ball 1-0: Called Strike 1-1: SINGLE (Groundball, 56D, EV 98.1 MPH)
|
|
Batting: LHB Karel Hort
|
0-0: Ball 1-0: Ball 2-0: Ball 3-0: Called Strike 3-1: Base on Balls Xiao-shuang Au to second
|
|
Batting: LHB Fumito Sakurai
|
0-0: Ball 1-0: Ball 2-0: Ball 3-0: Base on Balls Xiao-shuang Au to third Karel Hort to second
|
|
Pitching: RHP Jake Newman
|
|
|
Batting: RHB Ryan Miller
|
0-0: Swinging Strike 0-1: SINGLE (Groundball, 56, EV 102.5 MPH) Xiao-shuang Au scores Karel Hort to third Fumito Sakurai to second
|
|
Batting: RHB Curtis Montgomery
|
0-0: Foul Ball, location: 2F 0-1: Ball 1-1: Called Strike 1-2: Ball 2-2: Strikes out swinging
|
|
Batting: LHB John Fortin
|
0-0: Called Strike 0-1: Called Strike 0-2: Ball 1-2: Ball 2-2: Strikes out swinging
|
| Bottom of the 5th over - 1 run, 2 hits, 0 errors, 3 left on base; Peoria 2 - Wisconsin 1 |
| TOP OF THE 6TH |
|
Peoria Chiefs batting - Pitching for Wisconsin Timber Rattlers : RHP Josh Brakefield
|
|
Batting: RHB Juan Carrillo
|
0-0: Called Strike 0-1: Ball 1-1: Swinging Strike 1-2: Ground out 6-3 (Groundball, 6, EV 80.6 MPH)
|
|
Batting: LHB Ken Morehead
|
0-0: Ball 1-0: Ball 2-0: Called Strike 2-1: Ball 3-1: Base on Balls
|
|
Batting: RHB Workneh Lagat
|
0-0: Called Strike 0-1: Foul Ball, location: 2F 0-2: Strikes out swinging
|
|
Batting: RHB Tim Jobe
|
0-0: Ball 1-0: Ball 2-0: Ground out 4-3 (Groundball, 4S, EV 91.9 MPH)
|
| Top of the 6th over - 0 runs, 0 hits, 0 errors, 1 left on base; Peoria 2 - Wisconsin 1 |
| BOTTOM OF THE 6TH |
|
Wisconsin Timber Rattlers batting - Pitching for Peoria Chiefs : RHP Jake Newman
|
|
Batting: RHB Tony Beaumond
|
0-0: Swinging Strike 0-1: Ball 1-1: Foul Ball, location: 2F 1-2: Strikes out swinging
|
|
Batting: RHB Dan Allred
|
0-0: Fly out, F7 (Flyball, 78D, EV 100.6 MPH)
|
|
Batting: RHB Jose Cerritos
|
0-0: Ball 1-0: Swinging Strike 1-1: Ball 2-1: Ball 3-1: SINGLE (Groundball, 5S, EV 61.9 MPH) (infield hit)
|
|
Batting: RHB Xiao-shuang Au
|
0-0: Ground out 1-3 (Groundball, 13S, EV 70.0 MPH)
|
| Bottom of the 6th over - 0 runs, 1 hit, 0 errors, 1 left on base; Peoria 2 - Wisconsin 1 |
| TOP OF THE 7TH |
|
Peoria Chiefs batting - Pitching for Wisconsin Timber Rattlers : RHP Josh Brakefield
|
|
Batting: RHB Nelson Salamanca
|
0-0: Called Strike 0-1: Fly out, F4 (Flyball, 4D, EV 85.0 MPH)
|
|
Pitching: LHP Juan Gonzalez
|
|
|
Batting: SHB Steve Langlois
|
0-0: Foul Ball, location: 2F 0-1: Fly out, F6 (Popup, 6, EV 53.8 MPH)
|
|
Batting: RHB Kyle Burns
|
0-0: Ball 1-0: Foul Ball, location: 2F 1-1: Ball 2-1: Swinging Strike 2-2: Strikes out looking
|
| Top of the 7th over - 0 runs, 0 hits, 0 errors, 0 left on base; Peoria 2 - Wisconsin 1 |
| BOTTOM OF THE 7TH |
|
Wisconsin Timber Rattlers batting - Pitching for Peoria Chiefs : RHP Jake Newman
|
|
Batting: LHB Karel Hort
|
0-0: Ball 1-0: Called Strike 1-1: Ball 2-1: Called Strike 2-2: Foul Ball, location: 2F 2-2: Foul Ball, location: 2F 2-2: Ball 3-2: Ground out 4-3 (Groundball, 4, EV 98.1 MPH)
|
|
Pitching: LHP Harry Osborne
|
|
|
Batting: LHB Fumito Sakurai
|
0-0: Called Strike 0-1: Called Strike 0-2: Ball 1-2: Strikes out swinging
|
|
Batting: RHB Ryan Miller
|
0-0: Ball 1-0: Called Strike 1-1: Ball 2-1: SINGLE (Groundball, 4MD, EV 98.1 MPH)
|
|
Batting: RHB Curtis Montgomery
|
0-0: Called Strike 0-1: Swinging Strike 0-2: Ball 1-2: Strikes out swinging
|
| Bottom of the 7th over - 0 runs, 1 hit, 0 errors, 1 left on base; Peoria 2 - Wisconsin 1 |
| TOP OF THE 8TH |
|
Peoria Chiefs batting - Pitching for Wisconsin Timber Rattlers : LHP Juan Gonzalez
|
|
Batting: RHB Ben Politi
|
0-0: Foul Ball, location: 2F 0-1: DOUBLE (Flyball, 89D, EV 109.4 MPH)
|
|
Batting: LHB Ignacio Ocampo
|
0-0: Swinging Strike 0-1: Foul Ball, location: 2F 0-2: Foul Ball, location: 2F 0-2: Ball 1-2: Foul Ball, location: 2F 1-2: Strikes out swinging
|
|
Batting: RHB Juan Carrillo
|
0-0: Ball Ben Politi steals 3rd base Squeeze bunt is on, Ben Politi is out 1-1: Swinging Strike 1-2: DOUBLE (Line Drive, 7LM, EV 110.0 MPH)
|
|
Batting: LHB Ken Morehead
|
0-0: Ball 1-0: Ball 2-0: Swinging Strike 2-1: Foul Ball, location: 2F 2-2: Strikes out looking
|
| Top of the 8th over - 0 runs, 2 hits, 0 errors, 1 left on base; Peoria 2 - Wisconsin 1 |
| BOTTOM OF THE 8TH |
|
Wisconsin Timber Rattlers batting - Pitching for Peoria Chiefs : LHP Harry Osborne
|
|
Batting: LHB John Fortin
|
0-0: Called Strike 0-1: Ball 1-1: Foul Ball, location: 2F 1-2: Ball 2-2: Foul Ball, location: 2F 2-2: Foul Ball, location: 2F 2-2: Ball 3-2: Ground out 6-3 (Groundball, 6, EV 98.8 MPH)
|
|
Batting: RHB Tony Beaumond
|
0-0: Swinging Strike 0-1: Called Strike 0-2: Ball 1-2: Foul Ball, location: 2F 1-2: Foul Ball, location: 2F 1-2: Ball 2-2: Foul Ball, location: 2F 2-2: Strikes out swinging
|
|
Batting: RHB Dan Allred
|
0-0: Ball 1-0: Ground out 6-3 (Groundball, 56S, EV 85.0 MPH)
|
| Bottom of the 8th over - 0 runs, 0 hits, 0 errors, 0 left on base; Peoria 2 - Wisconsin 1 |
| TOP OF THE 9TH |
|
Peoria Chiefs batting - Pitching for Wisconsin Timber Rattlers : LHP Juan Gonzalez
|
|
Batting: RHB Workneh Lagat
|
0-0: Called Strike 0-1: Ground out 6-3 (Groundball, 6, EV 82.5 MPH)
|
|
Batting: RHB Tim Jobe
|
0-0: Called Strike 0-1: Ground out 6-3 (Groundball, 6, EV 100.6 MPH)
|
|
Batting: RHB Nelson Salamanca
|
0-0: Called Strike 0-1: Ball 1-1: Ball 2-1: Fly out, F8 (Flyball, 8LXD, EV 96.9 MPH)
|
| Top of the 9th over - 0 runs, 0 hits, 0 errors, 0 left on base; Peoria 2 - Wisconsin 1 |
| BOTTOM OF THE 9TH |
|
Wisconsin Timber Rattlers batting - Pitching for Peoria Chiefs : LHP Harry Osborne
|
|
Pitching: RHP Pabiyan Vetlitsky
|
|
|
Now in LF: Fekadu Alhaadi
|
|
|
Batting: RHB Jose Cerritos
|
0-0: SINGLE (Line Drive, 7S, EV 88.1 MPH)
|
|
Batting: RHB Xiao-shuang Au
|
0-0: Called Strike 0-1: Foul Ball, location: 2F 0-2: SINGLE (Groundball, 6MD, EV 103.1 MPH) Jose Cerritos to second Runner from 2nd tries for 3rd, SAFE, throw by CF made to third
|
|
Batting: LHB Karel Hort
|
0-0: Called Strike 0-1: Foul Ball, location: 2F 0-2: Strikes out looking
|
|
Batting: LHB Fumito Sakurai
|
0-0: Swinging Strike 0-1: Called Strike 0-2: Ball 1-2: Strikes out swinging
|
|
Batting: RHB Ryan Miller
|
0-0: Ball 1-0: Called Strike 1-1: Ball 2-1: Foul Ball, location: 2F 2-2: Ball Wild Pitch! Jose Cerritos scores Xiao-shuang Au to second 3-2: Intentional Walk
|
|
Batting: RHB Curtis Montgomery
|
0-0: Foul Ball, location: 2F 0-1: Called Strike 0-2: SINGLE (Groundball, 34D, EV 101.2 MPH) Xiao-shuang Au to third Ryan Miller to second Runner from 3rd tries for Home, SAFE, throw by RF to home
|
| Bottom of the 9th over - 2 runs, 3 hits, 0 errors, 2 left on base; Peoria 2 - Wisconsin 3 |
|